 Dungeon Crawl Stone Soup version 0.20.1-1-g8b1a95d (webtiles) character file.

275 Irenicus the Slasher (level 6, 0/42 HPs)
             Began as an Octopode Chaos Knight on Oct 13, 2017.
             Slain by an ufetubus (1 damage)
             ... summoned by Xom
             ... on level 4 of the Dungeon.
             The game lasted 00:04:16 (2458 turns).

Irenicus the Slasher (Octopode Chaos Knight)        Turns: 2458, Time: 00:04:18

Health: 0/42       AC:  1    Str: 12    XL:     6   Next: 25%
Magic:  15/15      EV: 13    Int: 14    God:    Xom [.....*]
Gold:   281        SH:  0    Dex: 13    Spells: 5/5 levels left

rFire    . . .     SeeInvis .   q - +0 falchion (slice)
rCold    . . .     Gourm    .   (no shield)
rNeg     . . .     Faith    .   (helmet restricted)
rPois    .         Spirit   .   (no amulet)
rElec    .         Reflect  .   h - ring of magical power
rCorr    .         Harm     .   u - ring of wizardry
MR       .....                  (no ring)
Stlth    ++........             (no ring)
Regen    0.2/turn               (no ring)
MPRegen  0.2/turn               (no ring)
                                (no ring)
                                (no ring)

@: no status effects
A: almost no armour, stealthy swim, amphibious, 8 rings, constrict 8, camouflage
1, gelatinous body 1
a: Renounce Religion


You were on level 4 of the Dungeon.
You worshipped Xom.
You were Xom's teddy bear.
You were not hungry.

You visited 1 branch of the dungeon, and saw 4 of its levels.

You collected 281 gold pieces.

Inventory:

Hand Weapons
 a - a +0 falchion of chaos
 q - a +0 falchion of slicing (weapon)
Armour
 s - a +0 buckler
Jewellery
 h - a ring of magical power (left tentacle)
 u - a ring of wizardry (right tentacle)
Wands
 p - a wand of enslavement (9/24)
 t - a wand of polymorph (12/24)
Scrolls
 c - 5 scrolls of remove curse {unknown}
 d - 3 scrolls of identify {unknown}
 e - a scroll of noise {unknown}
 l - a scroll of teleportation {unknown}
 m - 3 scrolls of enchant weapon {unknown}
 o - a scroll of random uselessness {unknown}
 x - a scroll of recharging {unknown}
Potions
 f - 5 potions of curing {unknown}
 k - a potion of degeneration {unknown}
 n - a potion of might {unknown}
 r - a potion of agility {unknown}
 w - a potion of brilliance {unknown}
Comestibles
 b - 5 bread rations
 g - a royal jelly
 i - 3 fruits
 j - 2 meat rations
 v - 2 chunks of flesh


   Skills:
 - Level 3.0 Fighting
 + Level 6.8 Long Blades
 - Level 2.3 Dodging


You had 5 spell levels left.
You didn't know any spells.

Dungeon Overview and Level Annotations

Branches:
Dungeon (4/15)
 Temple: D:4-7

Altars:
Ashenzari
Kikubaaqudgha
Nemelex Xobeh
Okawaru
Qazlal
Sif Muna
Uskayaw

Shops:
D:4 *


Innate Abilities, Weirdness & Mutations

You cannot wear most types of armour.
You are very stealthy in the water. (Stealth+)
You are amphibious.
You can wear up to eight rings at the same time.
You can use your tentacles to constrict eight enemies at once.
Your skin changes colour to match your surroundings (Stealth+).
Your rubbery body absorbs attacks. (AC +1, EV +1)


Message History

x - a scroll labeled QOPSUS YME
Found a stormy altar of Qazlal.
You start resting.
You are now a BORING thing.
Found an iron altar of Okawaru.
You start resting.
You hear Xom's maniacal laughter.
You are now Xom's teddy bear.
There are monsters nearby!
The ufetubus closely misses you.
You riposte.
You hit the ufetubus. Your grab misses the ufetubus.
Your squeeze misses the ufetubus.
The ufetubus is almost dead.
The ufetubus hits you. The ufetubus hits you.
* * * LOW HITPOINT WARNING * * *
The ufetubus barely misses you.
The soul eater draws from the surrounding life force!
* * * LOW HITPOINT WARNING * * *
The ufetubus hits you.
You die... "Boring in life, boring in death..."

#.....#_P
#.....#.P .
#......_ ..
#.....##..
+......P#
#.....# #+
#.5...#
#.####.5@..#
#.#..3#######
##...........#
#..........#.#
#..........#[#
#..........#.#
#..........#.#
#..........#.#
#..........#.#


You could see a soul eater, a quasit and an ufetubus.

Vanquished Creatures
  A howler monkey (D:4)
  3 orc priests
  A worker ant (D:4)
  3 adders
  2 oozes (D:3)
  An adder skeleton (D:4)
  4 worms
  3 dart slugs
  3 leopard geckos
  7 orcs
  4 bats
  2 giant cockroaches
  7 goblins
  6 hobgoblins
  2 jackals (D:3)
  3 quokkas
  2 frilled lizards
  7 kobolds
  4 rats
65 creatures vanquished.

Notes
Turn   | Place    | Note
-------+----------+-------------------------------------------
     0 | D:1      | Irenicus the Octopode Chaos Knight began the quest for the Orb.
     0 | D:1      | Reached XP level 1. HP: 16/16 MP: 1/1
   219 | D:1      | XOM: smoke on damage
   274 | D:1      | XOM: harmless Hex miscast
   341 | D:1      | Reached XP level 2. HP: 21/21 MP: 2/2
   707 | D:2      | Reached skill level 4 in Long Blades
   742 | D:2      | XOM: silly message
   745 | D:2      | Reached XP level 3. HP: 13/26 MP: 3/3
   906 | D:2      | Found an ancient bone altar of Kikubaaqudgha.
   954 | D:2      | Found a faded altar of an unknown god.
  1022 | D:2      | Found a sparkling altar of Nemelex Xobeh.
  1248 | D:3      | Reached XP level 4. HP: 31/31 MP: 4/4
  1272 | D:3      | Found a shattered altar of Ashenzari.
  1272 | D:3      | Found a hide-covered altar of Uskayaw.
  1400 | D:3      | Found a deep blue altar of Sif Muna.
  1436 | D:3      | XOM: divination: detect items
  1556 | D:3      | XOM: potion effect (invisibility)
  1561 | D:3      | Reached skill level 5 in Long Blades
  1712 | D:3      | XOM: potion effect (agility)
  1743 | D:3      | Reached XP level 5. HP: 21/36 MP: 5/5
  1982 | D:3      | XOM: potion effect (invisibility)
  2154 | D:4      | Reached skill level 6 in Long Blades
  2167 | D:4      | Found Ykliman's Assorted Antiques.
  2293 | D:4      | XOM: harmless Conj miscast
  2299 | D:4      | XOM: harmless Fire miscast
  2363 | D:4      | Reached XP level 6. HP: 24/42 MP: 6/6
  2374 | D:4      | XOM: mild Pois miscast
  2385 | D:4      | XOM: confusion
  2389 | D:4      | XOM: 1-stop teleportation journey
  2449 | D:4      | Found a stormy altar of Qazlal.
  2452 | D:4      | Found an iron altar of Okawaru.
  2456 | D:4      | XOM is BORED!
  2456 | D:4      | XOM: summons 3 hostile demons
  2457 | D:4      | Noticed a soul eater
  2458 | D:4      | HP: 1/42 [soul eater/drain life[Xom] (9)]
  2458 | D:4      | Slain by an ufetubus

Skill      XL: |  1  2  3  4  5 |
---------------+----------------+-----
Long Blades    | 4 5 6 |  6.8
Fighting       | |  3.0
Dodging        | |  2.3

Action                   |  1- 3 |  4- 6 || total
-------------------------+-------+-------++-------
Melee: Falchion          |    51 |    74 ||   125
       Constrict         |    17 |    25 ||    42
       Tentacles         |     9 |    15 ||    24
 Stab: Sleeping          |     2 |     5 ||     7
       Invisible         |       |     2 ||     2
  Eat: Chunk             |       |     5 ||     5
Armor: Skin              |     2 |     2 ||     4
Dodge: Dodged            |    29 |    45 ||    74
       Rpst.: Falchion   |    10 |    10 ||    20
